 Dungeon Crawl Stone Soup version 0.31-a0-149-g3fdcc5976a (webtiles) character file.

Game seed: 13697458641737273144

292 qw the Shooter (level 6, -5/53 HPs)
             Began as a Minotaur Hunter on June 7, 2023.
             Slain by a scorpion (6 damage)
             ... on level 5 of the Dungeon.
             The game lasted 00:01:09 (3349 turns).

qw the Shooter (Minotaur Hunter)                    Turns: 3349, Time: 00:01:10

Health: -5/53      AC:  5    Str: 16    XL:     6   Next: 10%
Magic:  5/5        EV: 11    Int:  6    God:
Gold:   230        SH:  0    Dex: 15    Spells: 5/5 levels left

rFire   . . .        Y - +2 shortbow
rCold   . . .        (shield currently unavailable)
rNeg    . . .        b - +0 ring mail
rPois   .            (helmet restricted)
rElec   .            (no cloak)
rCorr   .            (no gloves)
SInv    .            (no boots)
Will    .....        (no amulet)
Stlth   +            (no ring)
HPRegen 0.28/turn    (no ring)
MPRegen 0.09/turn

%: no passive effects
@: lethally poisoned (-5 -> -9)
A: horns 2, retaliatory headbutt
a: no special abilities


You were on level 5 of the Dungeon.
You visited 1 branch of the dungeon, and saw 5 of its levels.

You collected 230 gold pieces.


Innate Abilities, Weirdness & Mutations

You have a pair of horns on your head.
You reflexively headbutt those who attack you in melee.


   Skills:
 - Level 4.5 Fighting
 + Level 7.2 Ranged Weapons
 - Level 1.0 Armour
 - Level 2.1 Dodging
 - Level 0.7 Stealth


You had 5 spell levels left.
You didn't know any spells.
Your spell library was empty.

Inventory:

Hand Weapons
 Y - a +2 shortbow (weapon)
Armour
 b - a +0 ring mail (worn)
Jewellery
 i - a ring of ice
Wands
 c - a wand of digging (5)
Scrolls
 a - a scroll of enchant armour
 d - a scroll of teleportation {unknown}
 f - a scroll of identify
Potions
 e - 2 potions of cancellation
 g - a potion of berserk rage {unknown}
 h - a potion of haste {unknown}
 l - a potion of invisibility {unknown}

Dungeon Overview and Level Annotations

Branches:
Dungeon (5/15)
 Temple: D:4-7

Altars:
Uskayaw


Message History

You shoot an arrow.
The arrow completely misses the gnoll sergeant.
The gnoll sergeant barely misses you.
You shoot an arrow. The arrow hits the gnoll sergeant.
The gnoll sergeant is heavily wounded.
The gnoll sergeant hits you from afar with a +0 spear.
The gnoll sergeant completely misses you.
The gnoll hits you with a +0 flail.
You shoot an arrow. The arrow hits the scorpion.
The scorpion is moderately wounded.
The scorpion stings you but does no damage.
The gnoll sergeant misses you.
You shoot an arrow. The arrow hits the scorpion.
The scorpion is moderately wounded.
The scorpion stings you. The gnoll hits you with a +0 flail.
The gnoll sergeant barely misses you.
The scorpion stings you but does no damage.
You shoot an arrow. The arrow hits the scorpion!
The scorpion is severely wounded.
The gnoll closely misses you. You furiously retaliate!
You headbutt the gnoll! The gnoll misses you. The gnoll barely misses you.
The gnoll sergeant barely misses you. The scorpion stings you.
You are poisoned.
The scorpion poisons you!
You shoot an arrow. The arrow hits the scorpion.
The scorpion is almost dead.
You feel very sick. The scorpion barely misses you.
The gnoll zaps a wand.
You resist with some effort. The gnoll closely misses you.
The gnoll barely misses you.
The gnoll sergeant hits you from afar with a +0 spear!
The scorpion stings you.
You shoot an arrow.
The arrow hits the scorpion but does no damage.
The scorpion is almost dead.
You feel sick. The gnoll hits you with a +0 flail. The gnoll barely misses you.
You furiously retaliate!
You headbutt the gnoll! The gnoll closely misses you.
The gnoll sergeant hits you from afar with a +0 spear!
The scorpion stings you.
You die...

............ #..
#............# #..##
#............## ...#.
#............#. #...
#...........#.
#..######..........#.
...###.g.....# #........#.
........s..#.###..........
....#?.gg@.#..............
..#.#....g.###..........#.
.....#########.#........#.
.#...###.....#...<....##
#>....###..........##
...###..#### #.#........##
........## ##.#........#
...####..####..########.#
. ####......##


You could see a gnoll sergeant, a scorpion and 3 gnolls.

Vanquished Creatures
  A phantom (D:4)
  A hound (D:4)
  An iguana (D:4)
  An orc wizard (D:5)
  4 adders
  An ufetubus (D:5)
  5 worms
  5 dart slugs
  8 orcs
  2 bats
  5 endoplasms
  2 giant cockroaches
  5 goblins
  3 hobgoblins
  4 kobolds
  4 quokkas
  10 ball pythons
  6 frilled lizards
  6 rats
74 creatures vanquished.

Notes
Turn   | Place    | Note
-------+----------+-------------------------------------------
     0 | D:1      | qw the Minotaur Hunter began the quest for the Orb.
     0 | D:1      | Reached XP level 1. HP: 18/18 MP: 0/0
     0 | D:1      | 0 ||| qw: Version: 0.2-a-117-gc6b5c8b
     0 | D:1      | 0 ||| qw: Game counter: 2578
     0 | D:1      | 0 ||| qw: Always use a shield: true
     0 | D:1      | 0 ||| qw: God list: Okawaru
     0 | D:1      | 0 ||| qw: Allow faded altars: false
     0 | D:1      | 0 ||| qw: Do Orc after D:15 true
     0 | D:1      | 0 ||| qw: Do second Lair branch before Depths: true
     0 | D:1      | 0 ||| qw: Lair rune preference: random
     0 | D:1      | 0 ||| qw: Plans: Normal
     0 | D:1      | 0 ||| PLANNING D:1-11
   136 | D:1      | Reached XP level 2. HP: 25/25 MP: 1/1
   230 | D:1      | Reached skill level 5 in Ranged Weapons
   583 | D:1      | 583 ||| DROPPING +1 heavy sling.
   645 | D:1      | 645 ||| READING scroll labelled BYMYACK UMNE.
   646 | D:1      | 646 ||| READING scroll labelled VEIQENLUDE.
   647 | D:1      | 647 ||| READING scroll labelled SOUSUU LASS.
   648 | D:1      | 648 ||| READING scroll labelled UWASARR JOAZXY.
   649 | D:1      | 649 ||| DRINKING 2 fizzy black potions.
   650 | D:1      | 650 ||| DROPPING scroll of butterflies.
   651 | D:1      | 651 ||| DROPPING potion of degeneration.
   685 | D:2      | Reached skill level 3 in Fighting
   739 | D:2      | Reached XP level 3. HP: 31/31 MP: 2/2
   770 | D:2      | 770 ||| READING scroll of enchant weapon.
   770 | D:2      | 770 ||| ENCHANTING +1 shortbow.
  1054 | D:2      | 1054 ||| FLEEEEING.
  1055 | D:2      | 1055 ||| FLEEEEING.
  1200 | D:2      | Reached XP level 4. HP: 38/38 MP: 3/3
  1434 | D:2      | 1434 ||| UPGRADING to +0 ring mail.
  1444 | D:2      | 1444 ||| DROPPING +0 leather armour.
  1445 | D:2      | 1445 ||| READING scroll labelled FAFUORURPHA.
  1446 | D:2      | 1446 ||| DRINKING 2 coppery potions.
  1447 | D:2      | 1447 ||| DRINKING 2 inky potions.
  1448 | D:2      | 1448 ||| DRINKING potion of curing.
  1448 | D:2      | 1448 ||| (to cure confusion)
  1449 | D:2      | 1449 ||| DROPPING potion of ambrosia.
  1539 | D:3      | Reached skill level 1 in Armour
  1542 | D:3      | Reached skill level 6 in Ranged Weapons
  1880 | D:3      | 1880 ||| READING scroll labelled CUSHROJ YCAUDGHO.
  2146 | D:4      | Reached XP level 5. HP: 26/47 MP: 4/4
  2434 | D:4      | Noticed a phantom
  2444 | D:4      | Killed a phantom
  2502 | D:4      | Found a hide-covered altar of Uskayaw.
  3161 | D:4      | 3161 ||| READING 2 scrolls labelled DIEMOF PA TIBO.
  3162 | D:4      | 3162 ||| READING scroll labelled ATUSURGHALYRGH.
  3163 | D:4      | 3163 ||| DRINKING 2 bubbling dark potions.
  3164 | D:4      | 3164 ||| READING 2 scrolls of identify.
  3164 | D:4      | 3164 ||| IDENTIFYING grey potion
  3165 | D:4      | 3165 ||| DROPPING scroll of fear.
  3166 | D:4      | 3166 ||| DROPPING potion of attraction.
  3217 | D:5      | Entered Level 5 of the Dungeon
  3239 | D:5      | 3239 ||| DRINKING potion of curing.
  3239 | D:5      | 3239 ||| (to cure confusion)
  3241 | D:5      | Reached skill level 7 in Ranged Weapons
  3241 | D:5      | Reached XP level 6. HP: 53/53 MP: 5/5
  3349 | D:5      | HP: 12/53 [gnoll/+0 flail[a gnoll sergeant] (6)]
  3349 | D:5      | HP: 1/53 [gnoll sergeant/+0 spear (11)]
  3349 | D:5      | Slain by a scorpion

Levels and vault maps discovered:
D:1:      amcnicky_arrival_gap_in_the_tavern_cellar, layout_basic
D:2:      layout_basic
D:3:      layout_rooms
D:4:      layout_basic, eat_drink_and_be_merry_uskayaw
D:5:      layout_rooms, hangedman_decor_push

Skill      XL: |  1  2  3  4  5 |
---------------+----------------+-----
Ranged Weapons | 5 6 7 |  7.2
Fighting       | 3 4 |  4.5
Armour         | 1 |  1.0
Dodging        | |  2.1
Stealth        | |  0.7

Action                     |  1- 3 |  4- 6 || total
---------------------------+-------+-------++-------
   Fire: Shortbow          |   116 |   134 ||   250
    Use: Scroll            |     5 |     5 ||    10
         Potion            |     1 |     5 ||     6
 Armour: Leather armour    |     9 |       ||     9
         Ring mail         |       |    15 ||    15
  Dodge: Dodged            |    41 |    38 ||    79

Table legend:
 A = Non-vault XP
 B = Vault XP
 C = Vault XP percentage of total XP
 D = Non-vault monster count
 E = Vault monster count
 F = Vault count percentage of total count
                 A         B        C        D         E       F
            +---------+---------+-------+---------+---------+-------
      Total |     418 |       0 |   0.0 |      74 |       0 |   0.0
            +---------+---------+-------+---------+---------+-------
        D:1 |      27 |       0 |   0.0 |      15 |       0 |   0.0
        D:2 |      73 |       0 |   0.0 |      27 |       0 |   0.0
        D:3 |      62 |       0 |   0.0 |      16 |       0 |   0.0
        D:4 |     200 |       0 |   0.0 |      10 |       0 |   0.0
        D:5 |      56 |       0 |   0.0 |       6 |       0 |   0.0
            +---------+---------+-------+---------+---------+-------
